 Dungeon Crawl Stone Soup version 0.19.4-8-ga85b6b9 (webtiles) character file.

135 Jerry the Chucker (level 5, 2/55 HPs)
             Began as an Ogre Hunter on Feb 12, 2017.
             Quit the game on level 4 of the Dungeon.
             The game lasted 00:06:50 (2608 turns).

Jerry the Chucker (Ogre Hunter)                     Turns: 2608, Time: 00:06:50

Health: 2/55       AC: 11    Str: 18    XL:     5   Next: 18%
Magic:  5/5        EV: 10    Int: 10    God:
Gold:   142        SH:  0    Dex: 12    Spells: 0 memorised, 4 levels left

rFire  . . .     SeeInvis .     p - +2 short sword (protect)
rCold  . . .     Gourm    .     b - +0 robe
rNeg   . . .     Faith    .     (no shield)
rPois  .         Spirit   .     (helmet restricted)
rElec  .         Reflect  .     q - +0 cloak
rCorr  .         Harm     .     (gloves unavailable)
MR     .....                    (boots unavailable)
Stlth  +.........               (no amulet)
                                (no ring)
                                t - +2 ring of dexterity

@: protection aura
A: unfitting armour, tough skin 1
a: no special abilities


You were on level 4 of the Dungeon.
You were not hungry.

You visited 1 branch of the dungeon, and saw 4 of its levels.

You collected 142 gold pieces.

Inventory:

Hand Weapons
 a - a +0 short sword
 p - a +2 short sword of protection (weapon)
 r - a +0 club
 B - a +1 mace of holy wrath
Missiles
 c - 5 large rocks (quivered)
 d - 2 throwing nets
Armour
 b - a +0 robe (worn)
 q - a +0 cloak (worn)
Jewellery
 t - a +2 ring of dexterity (left hand)
Wands
 A - a wand of teleportation (5/9)
Scrolls
 e - 2 scrolls of teleportation {unknown}
 l - 7 scrolls of identify {unknown}
 m - 2 scrolls of remove curse {unknown}
 o - 2 scrolls of amnesia {unknown}
 u - 2 scrolls of enchant weapon {unknown}
 w - a scroll of fear {unknown}
 C - a scroll of enchant armour {unknown}
Potions
 h - 2 potions of cure mutation {unknown}
 i - 2 potions of might {unknown}
 k - 3 potions of curing {unknown}
 s - 2 potions of heal wounds {unknown}
 v - a potion of haste {unknown}
 x - 2 potions of invisibility {unknown}
 z - a potion of beneficial mutation {unknown}
Books
 y - a book of Misfortune

   Spells                             Type                      Level
   a - Confusing Touch                Hexes                        1
   b - Confuse                        Hexes                        3
   c - Gell's Gravitas                Hexes/Translocation          3
   d - Petrify                        Transmutation/Earth          4
   e - Metabolic Englaciation         Hexes/Ice                    5
   f - Yara's Violent Unravelling     Hexes/Transmutation          5
Comestibles
 f - 3 bread rations
 g - a royal jelly
 j - a slice of pizza
 n - 4 meat rations
 D - a chunk of flesh


   Skills:
 + Level 4.5 Fighting
 * Level 3.6 Maces & Flails
 + Level 4.7 Throwing
 - Level 1.7 Dodging
 - Level 0.6 Stealth


You had 4 spell levels left.
You didn't know any spells.

Dungeon Overview and Level Annotations

Branches:
Dungeon (4/15)
 Temple: D:4-7

Altars:
Dithmenos
Elyvilon
Makhleb
Nemelex Xobeh
Yredelemnul
Zin

Annotations:
D:4 Eustachio, Grinder


Innate Abilities, Weirdness & Mutations

You are too large for most types of armour.
You have tough skin. (AC +1)


Message History

The rat barely misses you. Eustachio misses you.
The iron imp shouts, "Slither hence, thou gorbellied roguish guttersnipe!"
The iron imp barely misses you. The quokka barely misses you.
You closely miss Grinder.
Grinder is severely wounded.
Grinder closely misses you.
The quokka twitches its whiskers.
The quokka bites you but does no damage.
The rat barely misses you. Eustachio completely misses you.
The iron imp closely misses you.
You barely miss Grinder.
Grinder is severely wounded.
The quokka closely misses you. Grinder gestures at you.
Pain shoots through your body!
* * * LOW HITPOINT WARNING * * *
The rat bites you but does no damage.
Eustachio casts a spell.
The iron imp closely misses you.
Are you sure you want to abandon this character and quit the game? (Confirm with "yes".)

#.##### ### ##.##... ..#
#.....## ... #..##...
##.## ###....... #...#
##......... #..b#
#......#.#. #..r#
#........#.
#@@.#####..#.#.#...
#...555r....#......#.#.
......r5b........#..#.#(
##...........#......#.##
#####...######.##.##<##
#...# #..)....## #...#
####.##### #...# #.#####
#......


You could see Eustachio, Grinder, 3 iron imps, a quokka, 2 bats and 2 rats.

Vanquished Creatures
  A hound skeleton (D:4)
  2 adders
  6 oozes
  A worm (D:2)
  A dart slug (D:3)
  2 leopard geckos
  2 orcs
  A ball python (D:3)
  7 giant cockroaches (D:1)
  7 goblins
  8 hobgoblins
  5 jackals (D:1)
  5 kobolds
  A quokka (D:3)
  6 bats
  13 rats
68 creatures vanquished.

Notes
Turn   | Place    | Note
-------+----------+-------------------------------------------
     0 | D:1      | Jerry the Ogre Hunter began the quest for the Orb.
     0 | D:1      | Reached XP level 1. HP: 22/22 MP: 1/1
     1 | D:1      | Found a runed door.
   524 | D:1      | Reached XP level 2. HP: 31/31 MP: 2/2
  1031 | D:2      | Reached XP level 3. HP: 32/37 MP: 3/3
  1199 | D:2      | Reached skill level 1 in Maces & Flails
  1709 | D:1      | Reached XP level 4. HP: 48/48 MP: 4/4
  1797 | D:3      | Found a burning altar of Makhleb.
  1861 | D:3      | Found a sparkling altar of Nemelex Xobeh.
  1931 | D:3      | Found a glowing silver altar of Zin.
  2040 | D:3      | Found a white marble altar of Elyvilon.
  2117 | D:3      | Found a basalt altar of Yredelemnul.
  2160 | D:3      | Found a shadowy altar of Dithmenos.
  2376 | D:4      | Reached XP level 5. HP: 55/55 MP: 5/5
  2510 | D:4      | Noticed Grinder
  2591 | D:4      | Noticed Eustachio
  2600 | D:4      | Paralysed by Grinder for 2 turns
  2607 | D:4      | HP: 2/55 [Grinder/nerve-wracking pain (14)]
  2608 | D:4      | Quit the game

Skill      XL: |  1  2  3  4 |
---------------+-------------+-----
Fighting       | 3 4 |  4.5
Maces & Flails | 2 3 |  3.6
Throwing       | |  4.7
Dodging        | |  1.7
Stealth        | |  0.6

Action                   |  1- 3 |  4- 6 || total
-------------------------+-------+-------++-------
Melee: Short sword       |   109 |   131 ||   240
Throw: Large rock        |     2 |       ||     2
 Stab: Sleeping          |     5 |     1 ||     6
  Eat: Chunk             |     2 |     4 ||     6
Armor: Robe              |    37 |    68 ||   105
Dodge: Dodged            |    57 |   100 ||   157
